 Dungeon Crawl Stone Soup version 0.31-a0-360-gb3e1d13bf4 (webtiles) character file.

Game seed: 4566551061214918054

5778 spiderkeys the Nimble (level 10, -7/72 HPs)
             Began as an Octopode Shapeshifter on July 27, 2023.
             Was an Initiate of Gozag.
             Mangled by an orc knight
             ... wielding a +0 glaive
              (48 damage)
             ... in a bailey.
             The game lasted 00:09:52 (6815 turns).

spiderkeys the Nimble (Octopode Shapeshifter)       Turns: 6815, Time: 00:09:52

Health: -7/72      AC:  1    Str: 19    XL:     10   Next: 78%
Magic:  10/10      EV: 16    Int: 11    God:    Gozag
Gold:   964        SH:  6    Dex: 15    Spells: 9/9 levels left

rFire   . . .        w - +6 trident of the Priest {distort, Fly Will+}
rCold   + . .        h - +2 buckler "Neytizul" {rC+ Str+3 Slay+3}
rNeg    + . .        (helmet currently unavailable)
rPois   .            A - amulet of the acrobat
rElec   .            v - ring of see invisible
rCorr   .            N - ring of positive energy
SInv    +            (no ring)
Will    +....        (no ring)
Stlth   ++           (no ring)
HPRegen 0.32/turn    (no ring)
MPRegen 0.12/turn    (no ring)
                     (no ring)

%: acrobat
@: beast-form, flying
A: beast (slay +5), almost no armour, amphibious, 8 rings, camouflage 1,
gelatinous body 1, (nimble swimmer 1), tentacles
a: Begin Untransformation, Renounce Religion, Potion Petition, Call Merchant,
Bribe Branch


You were in a bailey.
You worshipped Gozag.
Gozag was pleased with you.
You were a hulking beast.
You visited 2 branches of the dungeon, and saw 9 of its levels.
You also visited: Bailey.

You collected 1233 gold pieces.
You spent 39 gold pieces at shops.
You paid 230 gold pieces to Gozag.


Innate Abilities, Weirdness & Mutations

You are a hulking beast.
Your limbs bulge with bestial killing power. (Slay +5)
You cannot wear most types of armour.
You are amphibious.
You can wear up to eight rings at the same time.
Your skin changes colour to match your surroundings (Stealth+).
Your rubbery body absorbs attacks. (AC +1, EV +1)
((You are camouflaged when in or above water. (Stealth+)))
You have tentacles for arms and can constrict up to eight enemies at once.


   Skills:
 + Level 7.9 Fighting
 - Level 3.1 Long Blades
 + Level 7.0 Polearms
 + Level 8.2 Dodging
 - Level 3.0 Unarmed Combat
 + Level 7.3 Shapeshifting


You had 9 spell levels left.
You didn't know any spells.
Your spell library contained the following spells:

 Spells                   Type           Power      Damage    Failure   Level
 Slow                     Hex            0%         N/A       41%         1
 Sting                    Tmut/Pois      0%         1d3       41%         1
 Poisonous Vapours        Pois/Air       0%         N/A       56%         2
 Sublimation of Blood     Necr           0%         N/A       56%         2
 Olgreb's Toxic Radiance  Pois           0%         N/A       99%         4
 Petrify                  Tmut/Erth      0%         N/A       99%         4
 Irradiate                Conj/Tmut      0%         3d11      100%        5

Inventory:

Hand Weapons
 e - a +1 long sword of venom
   (You found it on level 1 of the Dungeon)
 w - the +6 trident of the Priest (weapon) {distort, Fly Will+}
   (You found it on level 4 of the Dungeon)

   Fly:       It grants you flight.
   Will:      It increases your willpower.
Missiles
 i - 16 poisoned darts
 l - 69 stones
 z - a boomerang
Armour
 h - the +2 buckler "Neytizul" (worn) {rC+ Str+3 Slay+3}
   (You acquired it on level 8 of the Dungeon)

   Str:       It affects your strength (+3).
   Slay:      It affects your accuracy & damage with ranged weapons and melee
   (+3).
   rC:        It protects you from cold.
Jewellery
 v - a ring of see invisible (left tentacle)
   (You found it on level 2 of the Dungeon)
 A - an amulet of the acrobat (around mantle)
   (You found it on level 3 of the Dungeon)
 B - a ring of willpower
   (You found it on level 7 of the Dungeon)
 N - a ring of positive energy (right tentacle)
   (You found it on level 5 of the Dungeon)
Talismans
 b - a beast talisman
 r - a granite talisman
   (You found it on level 3 of the Dungeon)
Wands
 s - a wand of mindburst (40)
   (You found it on level 4 of the Dungeon)
Scrolls
 d - 4 scrolls of teleportation {@r4}
 g - 3 scrolls of immolation {!r!r}
 m - a scroll of identify {@r1}
 p - a scroll of fear
 q - a scroll of butterflies
 t - 3 scrolls of noise {!r}
 y - a scroll of enchant armour
 C - 2 scrolls of enchant weapon {unknown}
 D - a scroll of silence {unknown}
Potions
 a - 3 potions of lignification {!q}
 c - 3 potions of heal wounds {@q2}
 f - 4 potions of brilliance {unknown}
 j - a potion of attraction {unknown}
 k - 4 potions of curing {@q1}
 n - 5 potions of haste {unknown}
 o - 2 potions of enlightenment {unknown}
 u - a potion of mutation {unknown}
 x - 4 potions of resistance {unknown}
 E - a potion of degeneration {unknown}
 F - a potion of magic {unknown}
 G - 2 potions of invisibility {unknown}
 H - a potion of might {unknown}

Dungeon Overview and Level Annotations

Branches:
Dungeon (8/15) Zot: 26831  Temple (1/1) D:6 Zot: 5980  Bailey (1/1) Zot: 5812
   Lair: D:8-11

Altars:
Ashenzari
Dithmenos
Elyvilon
Gozag
Hepliaklqana
Kikubaaqudgha
Makhleb
Nemelex Xobeh
Okawaru
Qazlal
Sif Muna
Uskayaw
Vehumet
Wu Jian
Xom
Yredelemnul
The Shining One

Shops:
D:2 * D:5

* ### ####### #######
.....###.....#########.....##
(((($.'....o.h#.....#...)...##
......'....#..'.....'...##..#.
......'....)..'.....'....8..).
......'....#).'.....'...##..#.
......'.......#.....#.......##
..o..###.....#########.....##
##### ####### #######


You could see an orc knight (strong).


Message History

Press: ? - help, Shift-Dir - straight line, f - orc knight
Aim: an orc knight, wielding a +0 halberd and wearing a +0 ring mail (asleep, 98% to hit)
You throw a poisoned dart. The poisoned dart hits the orc knight.
The orc knight is poisoned.
The orc knight shouts!
The orc warrior shouts!
Throw: 22 darts (poison)
Press: ? - help, Shift-Dir - straight line, f/p - orc knight
Aim: an orc knight, wielding a +0 halberd and wearing a +0 ring mail (poisoned, 63% to hit)
You throw a poisoned dart. The poisoned dart hits the orc knight.
The orc knight looks even sicker.
Throw: 21 darts (poison)
Press: ? - help, Shift-Dir - straight line, f/p - orc knight
Aim: an orc knight, wielding a +0 halberd and wearing a +0 ring mail (lightly wounded, very poisoned, 62% to hit)
You throw a poisoned dart. The poisoned dart hits the orc knight.
The orc knight looks even sicker.
Reach: w) +6 trident of the Priest {distort, Fly Will+}
Press: ? - help, Dir - move target, f - you, p - orc knight
Okay, then.
Throw: 20 darts (poison)
Press: ? - help, Shift-Dir - straight line, f/p - orc knight
Aim: an orc knight, wielding a +0 halberd and wearing a +0 ring mail (lightly wounded, very poisoned, 62% to hit)
You throw a poisoned dart. The poisoned dart hits the orc knight.
The orc knight looks as sick as possible!
The orc knight roars a battlecry!
The orc warrior goes into a battle-frenzy!
Throw: 19 darts (poison)
Press: ? - help, Shift-Dir - straight line, f/p - orc knight
Aim: an orc knight, wielding a +0 halberd and wearing a +0 ring mail (lightly wounded, extremely poisoned, 62% to hit)
You throw a poisoned dart. The poisoned dart hits the orc knight.
The orc knight looks as sick as possible!
The orc warrior hits you from afar with a +0 glaive!! 😮 HP[-23]
You take 23 damage, and now have 49/72 hp.
MASSIVE DAMAGE!! (PAUSE) Reach: w) +6 trident of the Priest {distort, Fly Will+}
Press: ? - help, Dir - move target, f/p - orc knight
Aim: an orc knight, wielding a +0 halberd and wearing a +0 ring mail (moderately wounded, extremely poisoned, about 30% to evade the +6 trident of the Priest)
You reach to attack!
You hit the orc knight.
Space warps around the orc knight.
An orc knight comes into view. It is wielding a +0 glaive.
An orc warrior comes into view. It is wielding a +0 halberd.
The orc knight hits you from afar with a +0 halberd!
You block the orc warrior's attack. 😮 HP[-7]
You take 7 damage, and now have 42/72 hp.
Reach: w) +6 trident of the Priest {distort, Fly Will+}
Press: ? - help, Dir - move target, f/p - orc knight
Aim: an orc knight, wielding a +0 halberd and wearing a +0 ring mail (moderately wounded, extremely poisoned, about 30% to evade the +6 trident of the Priest)
You reach to attack!
The orc knight shouts!
You impale the orc knight!!
Space warps horribly around the orc knight!
The orc knight roars a battlecry!
The orc knight goes into a battle-frenzy!
You block the orc knight's attack.
The orc warrior hits you from afar with a +0 glaive!!
* * * LOW HITPOINT WARNING * * *
😱 HP[-32]
You take 32 damage, and now have 10/72 hp.
MASSIVE DAMAGE!! (PAUSE) Reach: w) +6 trident of the Priest {distort, Fly Will+}
Press: ? - help, Dir - move target, f/p - orc knight
Aim: an orc knight, wielding a +0 halberd and wearing a +0 ring mail (almost dead, strong, extremely poisoned, about 30% to evade the +6 trident of the Priest)
You reach to attack!
You closely miss the orc knight. The orc knight misses you.
The orc warrior completely misses you.
As you read the scroll of fear, it crumbles to dust.
You assume a fearsome visage.
The orc knight resists with some effort.
The orc knight looks frightened!
The orc warrior looks frightened! x2
You feel much better.
You kill the orc knight!
Your Polearms skill increases to level 7! 😮 HP[+28]
You regained 28 hp, and now have 38/72 hp.
Throw: 18 darts (poison)
Press: ? - help, Shift-Dir - straight line, f - orc knight
Aim: an orc knight, wielding a +0 glaive and wearing a +0 ring mail (strong, 62% to hit)
You throw a poisoned dart. The poisoned dart hits the orc knight.
The orc knight is poisoned.
The orc warrior begs for mercy.
Throw: 17 darts (poison)
Press: ? - help, Shift-Dir - straight line, f/p - orc knight
Aim: an orc knight, wielding a +0 glaive and wearing a +0 ring mail (lightly wounded, strong, poisoned, 62% to hit)
You throw a poisoned dart.
The poisoned dart closely misses the orc knight.
The orc warrior is distracted by your dazzling golden aura. 😮 HP[+1]
Things that are here:
a +0 spear; a +0 ring mail; a +0 hand axe 😮 HP[+1]
The orc knight looks more healthy.
Reach: w) +6 trident of the Priest {distort, Fly Will+}
Press: ? - help, Dir - move target, f/p - orc knight
Aim: an orc knight, wielding a +0 glaive and wearing a +0 ring mail (lightly wounded, strong, about 30% to evade the +6 trident of the Priest)
You reach to attack!
You hit the orc knight.
Space warps horribly around the orc knight.
The orc knight hits you from afar with a +0 glaive!!!
Ouch! That really hurt!
You die...
Your body crumbles into a pile of gold.

Skill      XL: |  1  2  3  4  5  6  7  8  9 10 |
---------------+-------------------------------+-----
Long Blades    | 1 2 3 |  3.1
Fighting       | 2 3 4 5 6 7 |  7.9
Dodging        | 3 4 6 7 8 |  8.2
Shapeshifting  | 4 5 6 7 |  7.3
Polearms       | 1 2 4 5 7 |  7.0
Unarmed Combat | |  3.0

Action                     |  1- 3 |  4- 6 |  7- 9 | 10-12 || total
---------------------------+-------+-------+-------+-------++-------
  Melee: Long sword        |    38 |    69 |       |       ||   107
         Constrict         |     9 |    19 |    21 |    14 ||    63
         Unarmed           |     2 |       |       |       ||     2
         Tentacles         |     3 |    19 |    23 |     9 ||    54
         Punch             |     1 |     4 |     1 |       ||     6
         Trident           |       |     3 |   144 |    88 ||   235
  Throw: Dart              |     1 |       |       |     7 ||     8
  Evoke: Wand              |       |       |     1 |       ||     1
    Use: Scroll            |       |       |     5 |     5 ||    10
         Potion            |       |       |     2 |     1 ||     3
   Stab: Sleeping          |     4 |    10 |     9 |       ||    23
 Armour: Skin              |     5 |     4 |     1 |     1 ||    11
  Dodge: Dodged            |    29 |    44 |    60 |    61 ||   194
  Block: Buckler           |       |       |       |    11 ||    11

Levels and vault maps discovered:
D:1:      scummos_arrival_checkerplants, layout_loops_ring
D:2:      layout_basic, serial_shops, shop_fountains, due_unseen_surprise,
          uniq_sigmund
D:3:      minmay_chambers_of_twos, layout_rooms,
          mainiacjoe_overflow_concentric_impassable, uniq_jessica
D:4:      layout_basic, nicolae_shop_dragon_depot
D:5:      layout_basic, mainiacjoe_overflow_brackets,
          eat_drink_and_be_merry_uskayaw, mainiacjoe_overflow_tiny_flanked,
          st_stairs_6, guppyfry_shop_venom
D:6:      layout_cave_pools, nicolae_overflow_crystal_walls, temple_doors_e,
          kennysheep_generic_room_9
D:7:      minmay_polygon_palace, layout_basic, lemuel_crystal_altar,
          nicolae_kikubaaqudgha_miasma_corner, led_sif_book, vehumet_statue,
          mainiacjoe_overflow_boulevard
D:8:      layout_basic, enter_bailey_2, hangedman_misty_isle
Temple:   hellmonk_temple_two_chambers
Bailey:   bailey_polearm_5, bailey

Notes
Turn   | Place    | Note
-------+----------+-------------------------------------------
     0 | D:1      | spiderkeys the Octopode Shapeshifter began the quest for
                  | the Orb.
     0 | D:1      | Reached XP level 1. HP: 13/13 MP: 1/1
     0 | D:1      | magus.rc [v1.11.6]
   228 | D:1      | Reached XP level 2. HP: 18/18 MP: 2/2
   776 | D:2      | Found Guruim's General Store.
   789 | D:2      | Reached skill level 1 in Long Blades
   789 | D:2      | Reached XP level 3. HP: 23/23 MP: 3/3
   795 | D:2      | Bought a potion of curing for 39 gold pieces
   923 | D:2      | Noticed Sigmund
   933 | D:2      | Killed Sigmund
   934 | D:2      | Reached skill level 2 in Fighting
   934 | D:2      | Reached skill level 2 in Long Blades
   934 | D:2      | Reached skill level 3 in Dodging
   934 | D:2      | Reached XP level 4. HP: 21/30 MP: 4/4
   934 | D:2      | Reached XP level 5. HP: 24/35 MP: 5/5
  1419 | D:3      | Found a shimmering altar of Xom.
  1452 | D:3      | Noticed Jessica
  1458 | D:3      | Killed Jessica
  1459 | D:3      | Reached XP level 6. HP: 31/41 MP: 6/6
  1672 | D:3      | Reached skill level 3 in Fighting
  2284 | D:4      | Reached skill level 4 in Shapeshifting
  2357 | D:4      | Reached skill level 3 in Long Blades
  2749 | D:4      | Found Kirsasp's Dragon-Slaying Spoils.
  2816 | D:4      | Identified the +6 trident of the Priest {distort, Fly
                  | Will+}
  2921 | D:5      | Entered Level 5 of the Dungeon
  2930 | D:5      | Reached skill level 4 in Dodging
  2966 | D:5      | Reached skill level 1 in Polearms
  2966 | D:5      | Reached XP level 7. HP: 46/46 MP: 7/7
  3341 | D:5      | Found an ornate altar of the Wu Jian Council.
  3358 | D:5      | Reached skill level 4 in Fighting
  3358 | D:5      | Reached skill level 2 in Polearms
  3359 | D:5      | Reached XP level 8. HP: 37/54 MP: 8/8
  3498 | D:5      | Found a glowing golden altar of the Shining One.
  3531 | D:5      | You add the spells Sting, Poisonous Vapours and Olgreb's
                  | Toxic Radiance to your library.
  3744 | D:5      | Found a hide-covered altar of Uskayaw.
  3755 | D:5      | Reached skill level 5 in Dodging
  3769 | D:5      | Found Ekhled's Serpentskin Sales.
  3773 | D:5      | Reached skill level 3 in Polearms
  3773 | D:5      | Reached skill level 5 in Shapeshifting
  3946 | D:6      | HP: 8/54 [scorpion (8)]
  4123 | D:6      | Reached skill level 5 in Fighting
  4301 | D:6      | Found an iron altar of Okawaru.
  4325 | D:6      | Noticed a brown ugly thing
  4335 | D:6      | Killed a brown ugly thing
  4336 | D:6      | Reached skill level 4 in Polearms
  4336 | D:6      | Reached skill level 6 in Dodging
  4336 | D:6      | Reached XP level 9. HP: 62/62 MP: 9/9
  4726 | D:6      | Found a staircase to the Ecumenical Temple.
  4835 | D:6      | Reached skill level 6 in Fighting
  4875 | Temple   | Entered the Ecumenical Temple
  5158 | D:7      | Found an opulent altar of Gozag.
  5165 | D:7      | Reached skill level 6 in Shapeshifting
  5217 | D:7      | Found an ancient bone altar of Kikubaaqudgha.
  5224 | D:7      | Reached skill level 5 in Polearms
  5263 | D:7      | You add the spells Sublimation of Blood, Petrify and
                  | Irradiate to your library.
  5388 | D:7      | Found a shadowy altar of Dithmenos.
  5417 | D:7      | Became a worshipper of Gozag Ym Sagoz the Greedy
  5485 | D:7      | Found a shimmering blue altar of Sif Muna.
  5541 | D:7      | You add the spell Slow to your library.
  5541 | D:7      | Got Sif Muna's Lectures on Jinxing
  5650 | D:7      | Found a radiant altar of Vehumet.
  5827 | D:7      | Reached skill level 7 in Dodging
  5927 | D:7      | Reached XP level 10. HP: 27/69 MP: 10/10
  6109 | D:7      | Reached skill level 7 in Fighting
  6152 | D:7      | Reached skill level 6 in Polearms
  6463 | D:8      | Identified a scroll of acquirement
  6463 | D:8      | Acquired the +2 buckler "Neytizul" {rC+ Str+3 Slay+3}
  6585 | D:8      | Noticed a two-headed ogre
  6592 | D:8      | Reached skill level 7 in Shapeshifting
  6598 | D:8      | Killed a two-headed ogre
  6599 | D:8      | Reached skill level 8 in Dodging
  6623 | D:8      | Found a flagged portal.
  6629 | Bailey   | Entered a bailey
  6796 | Bailey   | Noticed an orc knight
  6802 | Bailey   | Noticed an orc knight
  6803 | Bailey   | HP: 10/72 [orc warrior/+0 glaive (33)]
  6806 | Bailey   | Killed an orc knight
  6807 | Bailey   | Reached skill level 7 in Polearms
  6815 | Bailey   | Mangled by an orc knight

Vanquished Creatures
  A two-headed ogre (D:8)
  An orc knight (Bailey)
  An ugly thing (D:6)
  Sigmund (D:2)
  3 steam dragons
  5 water moccasins
  6 orc warriors
  An ice beast (D:5)
  3 sky beasts
  2 black bears (D:7)
  An ogre (D:5)
  A phantom (D:7)
  A kobold brigand (D:7)
  3 bullfrogs
  A gnoll sergeant (D:7)
  4 scorpions
  5 wights (D:7)
  8 hounds
  3 orc priests (D:6)
  A jelly (D:7)
  A sleepcap (D:7)
  Jessica (D:3)
  6 iguanas
  4 orc wizards
  A statue (D:7)
  4 gnolls (D:7)
  6 adders
  3 shadow imps
  2 white imps
  2 worms
  2 dart slugs
  39 orcs
  3 endoplasms
  5 giant cockroaches
  6 goblins
  5 hobgoblins
  13 kobolds
  6 quokkas
  6 ball pythons
  3 bats
  4 frilled lizards
  7 rats
181 creatures vanquished.

Table legend:
 A = Non-vault XP
 B = Vault XP
 C = Vault XP percentage of total XP
 D = Non-vault monster count
 E = Vault monster count
 F = Vault count percentage of total count
                 A         B        C        D         E       F
            +---------+---------+-------+---------+---------+-------
      Total |    4825 |    3430 |  41.6 |     131 |      55 |  29.6
            +---------+---------+-------+---------+---------+-------
        D:1 |      19 |       0 |   0.0 |      14 |       0 |   0.0
        D:2 |      40 |     231 |  85.2 |      15 |       1 |   6.2
        D:3 |      24 |      64 |  72.7 |      12 |       9 |  42.9
        D:4 |     198 |       0 |   0.0 |      17 |       0 |   0.0
        D:5 |     892 |     308 |  25.7 |      16 |       4 |  20.0
        D:6 |    1518 |       0 |   0.0 |      20 |       0 |   0.0
        D:7 |     925 |    1812 |  66.2 |      23 |      23 |  50.0
        D:8 |    1209 |       0 |   0.0 |      14 |       0 |   0.0
     Bailey |       0 |    1015 | 100.0 |       0 |      18 | 100.0
            +---------+---------+-------+---------+---------+-------

Skill      XL: |  1  2  3  4  5  6  7  8  9 10 |
---------------+-------------------------------+-----
Long Blades    | 1 2 3 |  3.1
Fighting       | 2 3 4 5 6 7 |  7.9
Dodging        | 3 4 6 7 8 |  8.2
Shapeshifting  | 4 5 6 7 |  7.3
Polearms       | 1 2 4 5 7 |  7.0
Unarmed Combat | |  3.0

Action                     |  1- 3 |  4- 6 |  7- 9 | 10-12 || total
---------------------------+-------+-------+-------+-------++-------
  Melee: Long sword        |    38 |    69 |       |       ||   107
         Constrict         |     9 |    19 |    21 |    14 ||    63
         Unarmed           |     2 |       |       |       ||     2
         Tentacles         |     3 |    19 |    23 |     9 ||    54
         Punch             |     1 |     4 |     1 |       ||     6
         Trident           |       |     3 |   144 |    88 ||   235
  Throw: Dart              |     1 |       |       |     7 ||     8
  Evoke: Wand              |       |       |     1 |       ||     1
    Use: Scroll            |       |       |     5 |     5 ||    10
         Potion            |       |       |     2 |     1 ||     3
   Stab: Sleeping          |     4 |    10 |     9 |       ||    23
 Armour: Skin              |     5 |     4 |     1 |     1 ||    11
  Dodge: Dodged            |    29 |    44 |    60 |    61 ||   194
  Block: Buckler           |       |       |       |    11 ||    11

Illustrated notes

Table legend:
 A = Kills in this place as a percentage of kills in the entire game.
 B = Kills by you in this place as a percentage of kills by you in the entire game.
 C = Kills by friends in this place as a percentage of kills by friends in the entire game.
 D = Other kills in this place as a percentage of other kills in the entire game.
 E = Experience gained in this place as a percentage of experience gained in the entire game.
 F = Experience gained in this place divided by the number of levels of this place that you have seen.
                   A       B       C       D       E      F
               +-------+-------+-------+-------+-------+----------------------
         Total | 100.0 | 100.0 |   N/A | 100.0 | 100.0 | 825.5
       Dungeon |  90.3 |  90.1 |   N/A | 100.0 |  87.7 | 905.0
        Bailey |   9.7 |   9.9 |   N/A |   0.0 |  12.3 | 1015.0
               +-------+-------+-------+-------+-------+----------------------

Table legend: (Time is in decaauts)
 A = Elapsed time spent in this place.
 B = Non-inter-level travel time spent in this place.
 C = Inter-level travel time spent in this place.
 D = Time resting spent in this place.
 E = Time spent auto-exploring this place.
 F = Levels seen in this place.
 G = Mean time per level.
                   A        B        C        D        E       F      G
               +--------+--------+--------+--------+--------+-----+--------+
         Total |   6864 |   6336 |    528 |    264 |   5027 |  10 |  686.4 |
       Dungeon |   6658 |   6130 |    528 |    264 |   4898 |   8 |  832.2 |
        Temple |     19 |     19 |      0 |      0 |      5 |   1 |   19.0 |
        Bailey |    186 |    186 |      0 |      0 |    124 |   1 |  186.0 |
               +--------+--------+--------+--------+--------+-----+--------+

Top non-repeatable levels by time:
     D:7: 1303 daAuts
     D:6: 1044 daAuts
     D:2: 955 daAuts
     D:4: 942 daAuts
     D:5: 903 daAuts
     D:1: 692 daAuts
     D:3: 646 daAuts
  Bailey: 186 daAuts
     D:8: 169 daAuts
  Temple: 19 daAuts
